[Event "NJSK 2024 B"]
[Site "Groningen, Netherlands"]
[Date "2024.04.27"]
[Round "1.1"]
[White "Smeets, Kobe"]
[Black "Krylov, Philippe"]
[Result "1-0"]
[TimeControl "90min/40moves + 30min + 30sec/move"]
[WhiteElo "2274"]
[BlackElo "2007"]

1. e4 c6 2. d4 d5 3. Nc3 dxe4 4. Nxe4 Bf5 5. Ng3 Bg6 6. N1e2 Nd7 7. h4 h6 8. Nf4 Bh7 9. Bc4 Ngf6 10.
O-O Nb6 11. Bb3 Nbd5 12. Nxd5 Nxd5 13.
c4 Nb6 14. d5 Qd6 15. Be3 Nd7 16. Rc1 Nf6 17. dxc6 bxc6 18. Ba4 Qc7 19. Bf4 Qb7 20. Qf3 Rc8 21. Rc3 Qa6 22. Ra3 e6 23.
Bb5 Qb7 24. Ba6 Qa8 25. Rb3 Rd8 26. Bb7 1-0

[Event "NJSK 2024 B"]
[Site "Groningen, Netherlands"]
[Date "2024.04.27"]
[Round "1.2"]
[White "Roolvink, William"]
[Black "Kumar, Prajit Sai"]
[Result "1-0"]
[TimeControl "90min/40moves + 30min + 30sec/move"]
[WhiteElo "1966"]
[BlackElo "2211"]

1. e4 c5 2. Nc3 Nc6 3. Bb5 Nd4 4. Nf3 a6 5. Bd3 e6 6. O-O Nc6 7. Nd5 Bd6 8. Ne3 Bc7 9. c3 Nf6 10.
Bc2 d5 11. exd5 exd5 12. d4 cxd4 13. Nxd4 O-O 14. Nef5 Ne5 15. Bg5 Ng6 16. Qf3 Be5 17. Rfe1 Bxf5 18. Nxf5 Re8 19. Rad1 Qb6 20.
Bb3 Rad8 21. Bxf6 Qxf6 22. Bxd5 b5 23. g3 h6 24. h4 Kh8 25. Qe4 Bc7 26. Qxe8+ Rxe8 27. Rxe8+ Kh7 28. Be4 h5 29. Rd7 Be5 30. Rdd8 Bc7 31.
Rc8 Bf4 32. Rc6 Bd6 33. Rxd6 1-0

[Event "NJSK 2024 B"]
[Site "Groningen, Netherlands"]
[Date "2024.04.27"]
[Round "1.3"]
[White "Kazarjan, Gachatur"]
[Black "Kshirsagar, Pranav"]
[Result "1-0"]
[TimeControl "90min/40moves + 30min + 30sec/move"]
[WhiteElo "2203"]
[BlackElo "1957"]

1. e4 c6 2. d4 d5 3. Nd2 dxe4 4. Nxe4 Nf6 5. Nxf6+ exf6 6. c3 Bd6 7. Bd3 O-O 8. Qc2 Re8+ 9.
Ne2 h6 10. Be3 Be6 11. c4 Nd7 12. Nc3 Qa5 13. h3 Nf8 14. c5 Bf4 15. O-O Bxe3 16. fxe3 Qc7 17. Qf2 b6 18. b4 bxc5 19.
bxc5 Qa5 20. Ne4 Qa3 21. Rad1 Nd7 22. Nd6 Re7 23. Be4 Bd5 24. Bxd5 cxd5 25. Nf5 Re6 26. Qg3 g6 27. Rde1 Kh7 28.
Qc7 Qa4 29. Nd6 Kg7 30. c6 Qa3 31. Nb5 Qa6 32. cxd7 Qb6 33. Qxb6 Rxb6 34. Nc7 Rd8 35. Ne8+ Kf8 36. Nxf6 Rd6 37.
e4 dxe4 38. Rxe4 R6xd7 39. Nxd7+ Rxd7 40. Rf6 Kg7 41. Ra6 Kf8 42. Kf2 Kg7 43. Ke3 g5 44. Re5 Kh7 45. d5 Kg7 46. d6 Kf6 47.
Re7 1-0

[Event "NJSK 2024 B"]
[Site "Groningen, Netherlands"]
[Date "2024.04.27"]
[Round "1.4"]
[White "Ponomarev, Ivan"]
[Black "Arnold, Rhys"]
[Result "0-1"]
[TimeControl "90min/40moves + 30min + 30sec/move"]
[WhiteElo "1924"]
[BlackElo "2185"]

1. c4 e6 2. d4 d5 3. Nc3 Nf6 4.
Nf3 a6 5. e3 Be7 6. Bd3 dxc4 7. Bxc4 c5 8. O-O b5 9. Bd3 cxd4 10. Nxd4 O-O 11. b3 Bb7 12. Bb2 Nbd7 13. Rc1 Bc5 14.
Bb1 Qe7 15. Qe2 Bxd4 16. exd4 Nb6 17. Rfd1 Nbd5 18. Nxd5 Bxd5 19. h3 Qb7 20. f3 Rac8 21. Rxc8 Rxc8 22. Rc1 Rd8 23. Qc2 g6 24.
Qc7 Qxc7 25. Rxc7 Ra8 26. Kf2 Ne8 27. Rc5 Nd6 28. Ke3 Kg7 29. Be4 Nf5+ 30. Bxf5 gxf5 31. Kf4 Kf6 32. g4 fxg4 33.
fxg4 h5 34. g5+ Kg6 35. h4 f6 36. gxf6 Rf8 37. Ke5 Rxf6 38. Rc2 Rf1 39. Rh2 a5 40. Kd6 a4 41. bxa4 bxa4 42. a3 Kf5 43.
Kc5 Kg4 44. Kb4 Kg3 45. Re2 Kxh4 46. Kxa4 Kg3 47. Bc3 h4 48. Bb4 h3 49. Bd6+ Kg4 50. Be5 Rb1 51. Ka5 Bc4 52. Rf2 Rb5+ 53.
Ka4 Rxe5 54. dxe5 Kg3 55. Rf8 h2 56. Rh8 Bd5 57. Kb5 h1=Q 58. Rxh1 Bxh1 0-1

[Event "NJSK 2024 B"]
[Site "Groningen, Netherlands"]
[Date "2024.04.27"]
[Round "1.5"]
[White "Van Batenburg, Mees"]
[Black "Heus, Daan"]
[Result "1-0"]
[TimeControl "90min/40moves + 30min + 30sec/move"]
[WhiteElo "2110"]
[BlackElo "1921"]

1. e4 e5 2. Nf3 Nc6 3. c3 Nf6 4. d4 exd4 5. e5 Nd5 6. Bc4 Nb6 7. Bb3 dxc3 8. Nxc3 Be7 9. O-O O-O 10.
a4 a5 11. Be3 d6 12. exd6 Bxd6 13. Nb5 Nd7 14. Nxd6 cxd6 15. Qd2 d5 16. Qxd5 Nde5 17. Qxd8 Nxf3+ 18. gxf3 Rxd8 19.
Rfd1 Be6 20. Bxe6 fxe6 21. Bg5 Rd5 22. Rxd5 exd5 23. Ra3 d4 24. Rb3 Nb4 25. Be7 Rc8 26. Bxb4 axb4 27. Kf1 Rc1+ 28. Ke2 Rc2+ 29. Kd3 Rxf2 30.
Rxb4 Rxf3+ 31. Kxd4 Rf4+ 32. Kc5 Rf7 33. Kb6 h5 34. Rb5 h4 35. b4 Rf2 36. Kxb7 Rxh2 37. a5 Rf2 38. a6 h3 39.
a7 Rf7+ 40. Ka6 1-0

[Event "NJSK 2024 B"]
[Site "Groningen, Netherlands"]
[Date "2024.04.27"]
[Round "1.6"]
[White "Van Arendonk, Polle"]
[Black "Wink, Luka"]
[Result "1-0"]
[TimeControl "90min/40moves + 30min + 30sec/move"]
[WhiteElo "1914"]
[BlackElo "2082"]

1. e4 c5 2. Nf3 e6 3. d4 cxd4 4. Nxd4 Nf6 5. Nc3 Nc6 6. Ndb5 d6 7. Bf4 e5 8. Bg5 a6 9. Na3 b5 10.
Nd5 Be7 11. Bxf6 Bxf6 12. c3 O-O 13. Nc2 Bg5 14. h4 Bh6 15. a4 Rb8 16. axb5 axb5 17. g3 Ne7 18. Ncb4 Bb7 19. Bg2 Bxd5 20.
Nxd5 Nxd5 21. Qxd5 Qb6 22. O-O Rbc8 23. Rfd1 Rfd8 24. Qb3 g6 25. Rd5 Rc5 26. Rad1 Rxd5 27. Rxd5 b4 28. Bf1 Rb8 29.
Rb5 Qc7 30. Rxb4 Rxb4 31. Qxb4 Qc5 32. Qa4 Kg7 33. Qc2 d5 34. b4 Qd6 35. exd5 Qxd5 36. c4 Qd2 37. Qe4 Qxb4 38. Qxe5+ Kg8 39.
c5 Bf8 40. c6 Qd6 41. Qe8 Kg7 42. Bc4 Qc7 43. Bxf7 Bd6 44. Qg8+ Kf6 45. Bd5 Qe7 46. Qh8+ Qg7 47. Qxg7+ Kxg7 48.
Kg2 Kf6 49. f4 Bc7 50. Kf3 Bb6 51. g4 h6 52. g5+ hxg5 53. hxg5+ Ke7 54. Kg4 Kf8 55. f5 gxf5+ 56. Kxf5 Kg7 57.
g6 Bd8 58. Be4 Bc7 59. Ke6 Bb8 60. Kd7 Kf6 61. c7 Bxc7 62. Kxc7 Ke7 63. Bd3 Ke6 64. Kd8 Kf6 65. Ke8 Kg7 66.
Ke7 1-0

[Event "NJSK 2024 B"]
[Site "Groningen, Netherlands"]
[Date "2024.04.27"]
[Round "1.7"]
[White "Madularea, David"]
[Black "Lopes, Samuel"]
[Result "1-0"]
[TimeControl "90min/40moves + 30min + 30sec/move"]
[WhiteElo "2022"]
[BlackElo "1906"]

1. e4 c5 2. Nf3 Nc6 3. d4 cxd4 4. Nxd4 Nf6 5. Nc3 e5 6. Ndb5 d6 7. Nd5 Nxd5 8. exd5 Nb8 9. a4 Be7 10.
Bd2 a6 11. Na3 a5 12. Bb5+ Nd7 13. g4 O-O 14. Nc4 Nf6 15. Ne3 Ne4 16. Bc1 Bh4 17. O-O g6 18. f3 Nc5 19. c3 Bd7 20.
Nc4 Be7 21. Bh6 Re8 22. Bxd7 Nxd7 23. f4 Nb6 24. Ne3 exf4 25. Rxf4 Bg5 26. Bxg5 Qxg5 27. Ng2 Nxd5 28. Rd4 Ne3 29.
Qf3 Nxg2 30. Kxg2 Re3 31. Qxb7 Rae8 32. Rf1 Re2+ 33. Kh1 Qe7 34. Qb3 Rxh2+ 35. Kxh2 Qh4+ 36. Kg2 Re2+ 37. Kf3 Qe7 38.
c4 Qe5 39. Qd3 Rh2 40. Qe4 Rh3+ 41. Ke2 Rh2+ 42. Kd1 1-0

[Event "NJSK 2024 B"]
[Site "Groningen, Netherlands"]
[Date "2024.04.27"]
[Round "1.8"]
[White "Fallaux, Storm"]
[Black "Zhu, Chenwu"]
[Result "1/2-1/2"]
[TimeControl "90min/40moves + 30min + 30sec/move"]
[WhiteElo "1905"]
[BlackElo "2020"]

1. e4 c5 2. Nf3 d6 3. d4 cxd4 4. Nxd4 Nf6 5. Nc3 g6 6. Be3 Bg7 7. f3 O-O 8. Qd2 Nc6 9. O-O-O d5 10.
Nxc6 bxc6 11. Bh6 Bxh6 12. Qxh6 e5 13. exd5 cxd5 14. h4 d4 15. Qg5 Qe7 16. Ne4 Kg7 17. Qxf6+ Qxf6 18. Nxf6 Kxf6 19.
f4 exf4 20. Rxd4 Ke5 21. c3 Bb7 22. Bd3 Bxg2 23. Re1+ Kf6 24. Rxf4+ Kg7 25. Re7 Bd5 26. Bc4 Bxc4 27. Rxc4 Rfe8 28. Rd7 Rf8 29. Re7 Rfe8 30. Rd7 Re1+
1/2-1/2

[Event "NJSK 2024 B"]
[Site "Groningen, Netherlands"]
[Date "2024.04.28"]
[Round "2.1"]
[White "Van Batenburg, Mees"]
[Black "Smeets, Kobe"]
[Result "1/2-1/2"]
[TimeControl "90min/40moves + 30min + 30sec/move"]
[WhiteElo "2110"]
[BlackElo "2274"]

1. e4 e5 2. Nf3 Nc6 3. Bc4 Nf6 4. d3 Bc5 5. c3 d6 6. O-O a5 7. Re1 Ba7 8. Na3 h6 9. Nb5 Bb6 10.
Be3 Bxe3 11. Rxe3 O-O 12. h3 Re8 13. Qc2 Ne7 14. d4 Ng6 15. Qb3 Rf8 16. Rd1 Qe7 17. a4 Ne8 18. dxe5 Nxe5 19. Nxe5 Qxe5 20. Nd4 c6 21. Qb6 Qh5 22.
Be2 Qc5 23. Qxc5 dxc5 24. Nb3 b6 25. Nd2 Be6 26. Nc4 b5 27. axb5 cxb5 28. Nb6 Ra7 29. Rd8 Nc7 30. Red3 Rb7 31.
R3d6 g5 32. Nd5 c4 33. Nf6+ Kg7 34. e5 Rb8 35. Rxf8 Rxf8 36. Rc6 Na8 37. Rc5 Rb8 38. Bf3 b4 39. Rxa5 bxc3 40. bxc3 Nc7 41. Rc5 Nb5 42. Ne4 Na3 43.
Bg4 Bxg4 44. hxg4 Rb1+ 45. Kh2 Rb5 46. g3 Rxc5 47. Nxc5 Nb5 48. Na4 f6 49. exf6+ Kxf6 50. f4 Nc7 51.
Kg2 Nd5 52. Kf3 Ke6 53. Nc5+ Ke7 54. Ne4 gxf4 55. gxf4 Ke6 56. Kg3 Ne3 57. Nd2 Nd5 58. Ne4 Ne3 59.
Nd2 Nd5 60. Nb1 Ne3 61. Na3 Nd5 62. Nb5 Nf6 63. Kf3 Nd5 64. Nd4+ Kf7 65. Nf5 Kg6 66. Ne3 Nxc3 67. Nxc4 Nd5 68. Kg3 Kf6 69. Nd6 Ne7 70.
Ne4+ Kg6 71. Kh4 Nf5+ 72. Kh3 Nd4 73. Kg3 h5 74. g5 Ne6 75. Kf3 Nd4+ 76. Kg3 Ne6 77. Kf3 Nd4+ 78. Ke3 Ne6 79.
Kf3 1/2-1/2

[Event "NJSK 2024 B"]
[Site "Groningen, Netherlands"]
[Date "2024.04.28"]
[Round "2.2"]
[White "Madularea, David"]
[Black "Kazarjan, Gachatur"]
[Result "0-1"]
[TimeControl "90min/40moves + 30min + 30sec/move"]
[WhiteElo "2022"]
[BlackElo "2203"]

1. e4 c5 2. Nf3 d6 3. d4 cxd4 4. Nxd4 Nf6 5. Nc3 Bd7 6. f3 h5 7. Be3 Nc6 8. Qd2 g6 9. Bc4 Rc8 10.
Nxc6 Bxc6 11. O-O-O Qa5 12. Rhe1 Bg7 13. Kb1 b5 14. Nxb5 Qxd2 15. Bxd2 Bd7 16. Bf1 O-O 17. c4 a6 18.
Nc3 Rb8 19. Kc2 Rfc8 20. Bg5 Kf8 21. b3 Be6 22. a3 Rb7 23. Rd2 Nd7 24. Nd5 Ne5 25. Be3 Rcb8 26. b4 Bd7 27. Kb3 Nc6 28.
c5 dxc5 29. Bxc5 a5 30. Ba6 axb4 31. Bxb7 Na5+ 32. Ka2 b3+ 33. Kb1 Rxb7 34. Nxe7 Nc4 35. Rd3 Ke8 36. Rc1 Bb5 37. Rd5 Rc7 38. Bb4 Ba4 39. Rcd1 f5 40. Rd8+ Kf7 41. exf5 Rxe7 42. fxg6+ Kf6 43.
R8d6+ Nxd6 44. Rxd6+ Kf5 45. Rd5+ Re5 46. Rd7 Bxd7 0-1

[Event "NJSK 2024 B"]
[Site "Groningen, Netherlands"]
[Date "2024.04.28"]
[Round "2.3"]
[White "Arnold, Rhys"]
[Black "Roolvink, William"]
[Result "1-0"]
[TimeControl "90min/40moves + 30min + 30sec/move"]
[WhiteElo "2185"]
[BlackElo "1966"]

1. e4 c6 2. d4 d5 3. exd5 cxd5 4. Nf3 Nc6 5. Ne5 Nf6 6. Bb5 Bd7 7. Nxd7 Qxd7 8. c3 e6 9. O-O Be7 10.
a4 a6 11. Bd3 O-O 12. Re1 Rfc8 13. a5 Bd8 14. b4 Na7 15. Qf3 Nb5 16. Bd2 Ne8 17. Na3 Ned6 18. Nxb5 axb5 19. Bf4 Nc4 20.
Qe2 Ra6 21. Ra2 Qc6 22. Rea1 Rca8 23. g3 b6 24. axb6 Rxa2 25. Rxa2 Bxb6 26. h4 Qb7 27. h5 Rxa2 28. Qxa2 Qa7 29.
Qb1 h6 30. Qc1 Qa3 31. Bxh6 gxh6 32. Qxh6 Qa7 33. Bh7+ Kh8 34. Qf6+ Kxh7 35. h6 Qa1+ 36. Kh2 1-0

[Event "NJSK 2024 B"]
[Site "Groningen, Netherlands"]
[Date "2024.04.28"]
[Round "2.4"]
[White "Zhu, Chenwu"]
[Black "Van Arendonk, Polle"]
[Result "1-0"]
[TimeControl "90min/40moves + 30min + 30sec/move"]
[WhiteElo "2020"]
[BlackElo "1914"]

1. e4 e5 2. Nf3 Nf6 3. Nc3 Nc6 4. d4 exd4 5. Nxd4 Bb4 6. Nxc6 bxc6 7. Bd3 O-O 8. O-O d5 9. exd5 Bg4 10.
Ne2 cxd5 11. h3 Bh5 12. c3 Be7 13. Qc2 Bg6 14. Nd4 Bxd3 15. Qxd3 h6 16. Nf5 Kh8 17. Bf4 Qd7 18. g4 c6 19.
Rae1 Rfe8 20. Be5 Bd8 21. Qg3 Kh7 22. Qd3 g6 23. Ng3 Re6 24. c4 Bc7 25. Bxc7 Qxc7 26. cxd5 cxd5 27. Rc1 Qe7 28.
Qd4 Rd8 29. Kg2 Ne4 30. Rc2 a6 31. Rfc1 Nxg3 32. Kxg3 Re4 33. Qd3 Rd6 34. Kg2 Re1 35. Rc7 Qe4+ 36. Qxe4 Rxe4 37. Rxf7+ Kg8 38. Ra7 Re8 39. Rcc7 d4 40.
Rg7+ Kh8 41. Rgd7 Rxd7 42. Rxd7 Re2 43. Rxd4 Rxb2 44. a4 Rb6 45. a5 Rc6 46. Rb4 Rc5 47. Rb6 Rxa5 48. Rxg6 Kh7 49.
Rb6 Ra3 50. f4 a5 51. Ra6 Ra2+ 52. Kg3 Ra3+ 53. Kh4 a4 54. g5 hxg5+ 55. fxg5 Kg7 56. Kg4 Ra1 57. Kh5 a3 58. Ra7+ Kf8 59.
g6 a2 60. h4 Kg8 61. Kh6 Rb1 62. Ra8+ 1-0

[Event "NJSK 2024 B"]
[Site "Groningen, Netherlands"]
[Date "2024.04.28"]
[Round "2.5"]
[White "Kumar, Prajit Sai"]
[Black "Fallaux, Storm"]
[Result "1-0"]
[TimeControl "90min/40moves + 30min + 30sec/move"]
[WhiteElo "2211"]
[BlackElo "1905"]

1. e4 c5 2. Nf3 d6 3. d4 cxd4 4. Nxd4 Nf6 5. Nc3 a6 6. f3 e5 7. Nb3 Be6 8. Be3 h5 9. Nd5 Nxd5 10.
exd5 Bf5 11. Be2 Nd7 12. Qd2 Rc8 13. c4 Be7 14. O-O b6 15. f4 Bg4 16. Bd3 h4 17. h3 Bh5 18. Rac1 g6 19.
Rce1 f5 20. fxe5 dxe5 21. d6 Bf6 22. c5 bxc5 23. Bxa6 Rb8 24. Bc4 Qb6 25. Qd5 Rf8 26. Nxc5 Qa7 27. Na6 Qb7 28. Qe6+ Kd8 29.
Nxb8 Qxb8 30. Qd5 f4 31. Qa5+ Ke8 32. Bxf4 Qxd6 33. Be3 g5 34. Bb5 g4 35. Bxd7+ Qxd7 36. Qa8+ Kf7 37. Rxf6+ 1-0

[Event "NJSK 2024 B"]
[Site "Groningen, Netherlands"]
[Date "2024.04.28"]
[Round "2.6"]
[White "Wink, Luka"]
[Black "Ponomarev, Ivan"]
[Result "1/2-1/2"]
[TimeControl "90min/40moves + 30min + 30sec/move"]
[WhiteElo "2082"]
[BlackElo "1924"]

1. e4 c5 2. Nf3 e6 3. d4 cxd4 4. Nxd4 Nc6 5. Nc3 Qc7 6. Be3 a6 7. g4 b5 8. Nxc6 Qxc6 9. Qd2 Bb4 10.
Bg2 Bxc3 11. bxc3 Nf6 12. Qd4 O-O 13. g5 Ng4 14. Bf4 f6 15. Bd6 Rf7 16. h3 Ne5 17. Bxe5 fxe5 18. Qxe5 Bb7 19.
Rd1 Qc4 20. a3 Rc8 21. Rd3 Qa4 22. O-O Qxc2 23. Re3 Rxf2 24. Rxf2 Qc1+ 25. Kh2 Qxe3 26. Rf3 Qc5 27. Qf4 Rf8 28. Qxf8+ Qxf8 29. Rxf8+ Kxf8 30. Kg3 h6 31. gxh6 gxh6 32. Kf4 d6 33. Bf1 Kg7 34.
e5 d5 35. Bd3 Bc6 36. Ke3 Be8 37. Kd4 Bg6 38. Be2 Bf5 39. h4 Kg6 40. Kc5 Bc2 41. Bg4 Bf5 42. Be2 Bc2 43. Bg4 1/2-1/2

[Event "NJSK 2024 B"]
[Site "Groningen, Netherlands"]
[Date "2024.04.28"]
[Round "2.7"]
[White "Krylov, Philippe"]
[Black "Heus, Daan"]
[Result "1-0"]
[TimeControl "90min/40moves + 30min + 30sec/move"]
[WhiteElo "2007"]
[BlackElo "1921"]

1. d4 d5 2. c4 e6 3. Nc3 Nf6 4. cxd5 exd5 5. Bg5 Be7 6. e3 c6 7. Bd3 O-O 8. Nge2 Nbd7 9. O-O Re8 10.
f3 Nf8 11. Kh1 Ne6 12. Bh4 g6 13. h3 Ng7 14. e4 Nxe4 15. fxe4 Bxh4 16. exd5 cxd5 17. Nf4 Be6 18. Qf3 Re7 19.
Ncxd5 Bxd5 20. Nxd5 Rd7 21. g3 Rxd5 22. Qxf7+ Kh8 23. gxh4 Rxd4 24. Bc2 Rd7 25. Qf3 Nh5 26. Qc3+ Rg7 27.
Rad1 Qxh4 28. Rd4 Qg5 29. Rg4 Qd5+ 30. Be4 Qe6 31. Bxb7 Rd8 32. Re4 Qd6 33. Re3 Rf8 34. Rxf8+ Qxf8 35.
Rf3 Qd8 36. Rd3 Qh4 37. Bd5 h6 38. Bg2 Nf4 39. Rd7 Nh5 40.
Rxa7 Ng3+ 41. Kh2 Nf5 42. Rxg7 Qf4+ 43. Kg1 Nxg7 44. b3 Kh7 45. a4 Nf5 46. a5 Ne3 47. Qe1 Nxg2 48. Qe7+ Kg8 49. Qd8+ Kf7 50. Qd7+ Kf8 51.
Qc8+ Kf7 52. Qb7+ Ke8 53. Qb5+ Ke7 54. Qc5+ Kd8 55. Qd5+ Ke7 56. Kxg2 Qe3 57. Qb7+ Ke8 58. Qc6+ Ke7 59.
Qb7+ Ke8 60. Qb5+ Ke7 61. a6 Qe4+ 62. Kf2 Qf4+ 63. Ke1 Qc1+ 64. Kf2 Qf4+ 65. Ke2 Qe4+ 66. Kd2 Qf4+ 67. Kc2 Qf2+ 68.
Kb1 Qe1+ 69. Kb2 Qd2+ 70. Ka3 Qc1+ 71. Ka2 Qc2+ 72. Ka3 Qc1+ 73. Ka4 Qa1+ 74. Kb4 Qe1+ 75. Kc5 Qe3+ 76. Kc6 Qe6+ 77.
Kb7 Qe4+ 78. Qc6 Qb4+ 79. Kc8 Qd2 80. a7 1-0

[Event "NJSK 2024 B"]
[Site "Groningen, Netherlands"]
[Date "2024.04.28"]
[Round "2.8"]
[White "Kshirsagar, Pranav"]
[Black "Lopes, Samuel"]
[Result "1-0"]
[TimeControl "90min/40moves + 30min + 30sec/move"]
[WhiteElo "1957"]
[BlackElo "1906"]

1. d4 e6 2. c4 d5 3. Nf3 Nf6 4. Nc3 a6 5. e3 b6 6. Ne5 Bb7 7. Qa4+ Nbd7 8. Nxd7 Nxd7 9. cxd5 exd5 10.
Be2 Bd6 11. Bf3 b5 12. Qc2 Nf6 13. O-O O-O 14. Bd2 Re8 15. g3 Ne4 16. Nxe4 dxe4 17. Bg2 h5 18. h4 g5 19. Qd1 g4 20.
Qb3 Qe7 21. Rac1 Rad8 22. Ba5 Rd7 23. Rfd1 c6 24. Bb6 Qf6 25. Bc5 Bc7 26. Qc2 Qg6 27. Bf1 Rd5 28. a4 Rf5 29. axb5 axb5 30. d5 Ree5 31. dxc6 Bxc6 32. Bd4 Re6 33. Bg2 Rf3 34.
Qc5 Rf5 35. Qa7 Re7 36. Bc3 Kh7 37. Qd4 Be5 38. Qd8 Re8 39. Qd2 Bc7 40. Bd4 Bb8 41. Rc5 Rxc5 42. Bxc5 Be5 43. Bd4 Bxd4 44. Qxd4 Qe6 45. Qc5 Qg6 46.
Rd6 Re6 47. Rxe6 Qxe6 48. Qxh5+ Kg7 49. Qg5+ Qg6 50. Qc5 f5 51. Bf1 Qe6 52. Bxb5 Bxb5 53. Qxb5 Kg6 54. b4 Qb3 55. Qc6+ Kg7 56. Qd7+ Kf6 57. Qd6+ Kf7 58. h5 Qb1+ 59. Kg2 Qe1 60.
Qg6+ Ke7 61. b5 Qd1 62. Qxf5 Kd6 63. h6 Qa1 64. Qxe4 Kc7 65. Qd4 Qa8+ 66. Kh2 Qa2 67. e4 Qe6 68.
h7 Qh6+ 69. Kg1 Qxh7 70. Qa7+ 1-0

[Event "NJSK 2024 B"]
[Site "Groningen, Netherlands"]
[Date "2024.04.29"]
[Round "3.1"]
[White "Kazarjan, Gachatur"]
[Black "Arnold, Rhys"]
[Result "0-1"]
[TimeControl "90min/40moves + 30min + 30sec/move"]
[WhiteElo "2203"]
[BlackElo "2185"]

1. e4 c5 2. a3 Nc6 3. b4 cxb4 4. axb4 Nxb4 5. c3 Nc6 6. d4 d5 7. exd5 Qxd5 8. Na3 Bd7 9. Nf3 e5 10.
Bc4 Qe4+ 11. Be3 exd4 12. Bxf7+ Kd8 13. cxd4 Nh6 14. Bc4 Ng4 15. Qe2 Bb4+ 16. Kf1 Nxe3+ 17. fxe3 Bxa3 18. Rxa3 Rf8 19.
Qd3 Rxf3+ 20. gxf3 Qxf3+ 21. Kg1 Qg4+ 22. Kf2 Bf5 23. Qe2 Qh4+ 24. Kg1 Be4 25. Be6 Bxh1 26. Kxh1 Qe4+ 27. Qg2 Qb1+ 28.
Qg1 Qe4+ 29. Qg2 Qxe6 30. d5 Qd6 31. Qg5+ Ne7 32. Rd3 Rc8 33. e4 Qf6 0-1

[Event "NJSK 2024 B"]
[Site "Groningen, Netherlands"]
[Date "2024.04.29"]
[Round "3.2"]
[White "Smeets, Kobe"]
[Black "Zhu, Chenwu"]
[Result "1-0"]
[TimeControl "90min/40moves + 30min + 30sec/move"]
[WhiteElo "2274"]
[BlackElo "2020"]

1. e4 c5 2. Nf3 d6 3. Bb5+ Bd7 4. Bxd7+ Qxd7 5. c4 Nf6 6. Nc3 Nc6 7. d4 cxd4 8. Nxd4 g6 9. f3 Nxd4 10.
Qxd4 Bg7 11. Be3 O-O 12. Qd3 Rfc8 13. O-O Qc7 14. b3 a6 15. Rac1 Qa5 16. a4 Qb4 17. Rb1 Kf8 18. Rfd1 Re8 19.
Kh1 Rac8 20. Bd4 Red8 21. Bxf6 Bxf6 22. Nd5 Qc5 23. Nxf6 exf6 24. Qc3 Qe5 25. Qb4 Qe7 26. Rd5 Rc5 27.
Rbd1 Rxd5 28. Rxd5 Ke8 29. h3 h5 30. a5 Qc7 31. Qd2 b6 32. Qd4 bxa5 33. Qxf6 Qe7 34. Qd4 a4 35. c5 axb3 36.
cxd6 Qh4 37. Re5+ Kf8 38. d7 Qe1+ 39. Kh2 Rxd7 40. Qxd7 h4 41. Re8+ Kg7 42. Qd4+ Kh6 43. Rh8+ Kg5 44.
Qe5+ f5 45. f4# 1-0

[Event "NJSK 2024 B"]
[Site "Groningen, Netherlands"]
[Date "2024.04.29"]
[Round "3.3"]
[White "Krylov, Philippe"]
[Black "Van Batenburg, Mees"]
[Result "0-1"]
[TimeControl "90min/40moves + 30min + 30sec/move"]
[WhiteElo "2007"]
[BlackElo "2110"]

1. d4 d5 2. c4 e6 3. Nc3 c5 4. cxd5 exd5 5. Nf3 Nf6 6. g3 Nc6 7. Bg2 Be7 8. O-O O-O 9. Bg5 c4 10.
Ne1 Be6 11. Nc2 h6 12. Bc1 Rb8 13. Bf4 Bd6 14. Bxd6 Qxd6 15. f3 Rfd8 16. Qd2 b5 17. a3 a5 18. Rfd1 b4 19. Na4 Bf5 20.
Ne3 Bg6 21. Bh3 Re8 22. Nf5 Bxf5 23. Bxf5 Rb5 24. Bc2 Qe7 25. Re1 bxa3 26. Rxa3 Qb4 27. Rd1 Qe7 28. Re1 Reb8 29. Re3 Qb4 30.
Rc3 Qd6 31. Kf2 Kf8 32. Re3 Ne8 33. Rd1 Nc7 34. Rc3 Ne6 35. e3 Rb4 36. Ra3 Rxb2 37. Nxb2 Qxa3 38. Nxc4 dxc4 39. d5 Nb4 40.
dxe6 Nxc2 41. exf7 Qd3 42. Qc1 Qc3 43. e4 g5 44. h4 Rb2 45. Kg1 Qe3+ 46. Kh2 Qf2+ 47. Kh3 Ne3 0-1

[Event "NJSK 2024 B"]
[Site "Groningen, Netherlands"]
[Date "2024.04.29"]
[Round "3.4"]
[White "Van Arendonk, Polle"]
[Black "Kumar, Prajit Sai"]
[Result "1-0"]
[TimeControl "90min/40moves + 30min + 30sec/move"]
[WhiteElo "1914"]
[BlackElo "2211"]

1. e4 c5 2. Nf3 Nc6 3. d4 cxd4 4. Nxd4 Nf6 5. Nc3 d6 6. f3 e5 7. Nb3 Be6 8. Be3 Be7 9. Qe2 O-O 10.
O-O-O a5 11. Nc5 Qc8 12. Nxe6 Qxe6 13. Qb5 Qc8 14. g4 a4 15. Nxa4 Ra5 16. Qb3 Nd7 17. Nb6 Nxb6 18. Bxb6 Nd4 19.
Rxd4 exd4 20. Bxa5 1-0

[Event "NJSK 2024 B"]
[Site "Groningen, Netherlands"]
[Date "2024.04.29"]
[Round "3.5"]
[White "Roolvink, William"]
[Black "Madularea, David"]
[Result "0-1"]
[TimeControl "90min/40moves + 30min + 30sec/move"]
[WhiteElo "1966"]
[BlackElo "2022"]

1. e4 c5 2. Nc3 d6 3. d4 cxd4 4. Qxd4 Nc6 5. Bb5 Bd7 6. Bxc6 Bxc6 7. Bg5 Qa5 8. Nf3 Nf6 9. Bxf6 gxf6 10.
Nd2 Rg8 11. Nc4 Qh5 12. Ne3 e6 13. Ne2 Qh4 14. Nc3 Bh6 15. g3 Qh5 16. Rd1 Qf3 17. O-O Rd8 18. Rd3 Qf4 19. Qxa7 Kf8 20.
Ng2 Qg4 21. Rfd1 Bxe4 22. Qa5 Kg7 23. Rd4 Qf5 24. Qxf5 Bxf5 25. Rxd6 Rxd6 26. Rxd6 Bxc2 27. Rb6 Rb8 28. Nh4 Bd2 29. Ne2 Be4 30. Ng2 Rc8 31.
b4 Bf3 32. Kf1 Rc2 33. Ne1 Bxe1 34.
Nd4 Bxf2 35. Nxf3 Bxb6 0-1

[Event "NJSK 2024 B"]
[Site "Groningen, Netherlands"]
[Date "2024.04.29"]
[Round "3.6"]
[White "Fallaux, Storm"]
[Black "Kshirsagar, Pranav"]
[Result "1-0"]
[TimeControl "90min/40moves + 30min + 30sec/move"]
[WhiteElo "1905"]
[BlackElo "1957"]

1. e4 c6 2. d4 d5 3. Nd2 dxe4 4.
Nxe4 Nf6 5. Nxf6+ exf6 6. c3 Bd6 7. Bd3 O-O 8. Qc2 Re8+ 9. Ne2 h5 10. O-O Qc7 11. h3 Be6 12. c4 Nd7 13.
c5 Bh2+ 14. Kh1 h4 15. f4 Bg3 16. Nxg3 hxg3 17. f5 Bd5 18. Bf4 Qd8 19. Bxg3 Re3 20. Kh2 b6 21. b4 a5 22. a3 axb4 23.
axb4 Rxa1 24. Rxa1 Rxg3 25. Kxg3 Qb8+ 26. Kg4 bxc5 27. bxc5 Qb4 28. Ra4 Qe1 29. Qe2 Qc1 30. h4 Nf8 31.
Bc4 Bxg2 32. Ra8 Qg1 33. Bxf7+ Kxf7 34. Qe8+ 1-0

[Event "NJSK 2024 B"]
[Site "Groningen, Netherlands"]
[Date "2024.04.29"]
[Round "3.7"]
[White "Heus, Daan"]
[Black "Wink, Luka"]
[Result "0-1"]
[TimeControl "90min/40moves + 30min + 30sec/move"]
[WhiteElo "1921"]
[BlackElo "2082"]

1. c4 f5 2. Nc3 Nf6 3. Nf3 d6 4. d4 e6 5. g3 Be7 6. Bg2 O-O 7. O-O Ne4 8. Qc2 Nxc3 9. Qxc3 Bf6 10.
Qc2 Nc6 11. Rd1 Qe7 12. a3 e5 13. d5 Nb8 14. e4 g6 15. Ne1 fxe4 16. Bxe4 a5 17. Rb1 a4 18. Nd3 Nd7 19. Rf1 b6 20.
b4 axb3 21. Rxb3 Bg7 22. Be3 Nf6 23. Bg5 Qe8 24. Bxf6 Bxf6 25. Nb4 Bg5 26. Qe2 Bh3 27. Re1 Bd7 28. Nc6 Kh8 29. h4 Bf6 30.
Kg2 Kg7 31. Rh1 Qf7 32. h5 Ra4 33. hxg6 hxg6 34. Qd2 Bg5 35. Qe2 Rh8 36. Rxh8 Kxh8 37. Rf3 Qg8 38. Qd3 Bg4 39. Bxg6 Bxf3+ 40. Kxf3 Ra8 41. Kg2 Rf8 42. Be4 Qf7 43. Qe2 Kg7 44. Na7 Qf6 45. Nb5 Rf7 46. f3 Kf8 47. Qc2 Be3 48. Qa4 Qd8 49.
Qa7 c6 0-1

[Event "NJSK 2024 B"]
[Site "Groningen, Netherlands"]
[Date "2024.04.29"]
[Round "3.8"]
[White "Lopes, Samuel"]
[Black "Ponomarev, Ivan"]
[Result "1/2-1/2"]
[TimeControl "90min/40moves + 30min + 30sec/move"]
[WhiteElo "1906"]
[BlackElo "1924"]

1. e4 c5 2. Nf3 e6 3.
b3 Nc6 4. Bb2 d6 5. d4 cxd4 6. Nxd4 e5 7. Ne2 Nf6 8. Nbc3 Be7 9. g3 Bg4 10. Bg2 O-O 11. h3 Be6 12. O-O Rc8 13.
Kh2 a6 14. a4 Qa5 15. f4 exf4 16. Nxf4 Rfd8 17. Re1 Ne5 18. Ncd5 Bxd5 19. exd5 Nfd7 20. Bd4 Bf6 21. Nh5 Bg5 22.
Be3 Bxe3 23. Rxe3 Qc5 24. Re2 Qc3 25. Rc1 Nc5 26. Rb1 Rd7 27. Qe1 Qxe1 28. Rbxe1 Rdc7 29. Nf4 Kf8 30. Re3 b5 31.
axb5 axb5 32. Bf1 b4 33. Be2 Ncd7 34. Bd1 Nf6 35. Rf1 Rc5 36. Re2 Ke7 37. Nd3 Rxd5 38. Nxb4 Rb5 39. Nd3 Kd7 40.
Nxe5+ Rxe5 41. Rxe5 dxe5 42. Rxf6 1/2-1/2

[Event "NJSK 2024 B"]
[Site "Groningen, Netherlands"]
[Date "2024.04.30"]
[Round "4.1"]
[White "Arnold, Rhys"]
[Black "Van Batenburg, Mees"]
[Result "1-0"]
[TimeControl "90min/40moves + 30min + 30sec/move"]
[WhiteElo "2185"]
[BlackElo "2110"]

1. e4 e6 2. d4 d5 3. e5 c5 4. c3 Nc6 5. Nf3 Nge7 6. Na3 Bd7 7. Be2 cxd4 8. cxd4 Nf5 9. Nc2 f6 10.
Bd3 Be7 11. O-O O-O 12. Bxf5 exf5 13. Re1 Re8 14. Qd3 Be6 15. Bd2 Rc8 16. Rac1 g6 17. Bf4 g5 18. exf6 Bxf6 19. Nxg5 Bxg5 20.
Qg3 h6 21. h4 Kg7 22. hxg5 h5 23. Re2 Bf7 24. Rxe8 Qxe8 25. Re1 Qd7 26. Qd3 Kg6 27. f3 Rh8 28. Re2 Be6 29. Qd2 Re8 30.
Ne1 Bf7 31. Rxe8 Qxe8 32. Nd3 Qe7 33. Be3 Kg7 34. a3 Qc7 35. Bf4 Qb6 36. Be5+ Kh7 37. Qf4 Bg6 38. Bf6 Kg8 39. Qd6 Bf7 40.
Qd7 Nxd4 41. Qc8+ 1-0